 Dungeon Sprint DCSS version 0.23-a0-393-g6e9e0f2 (webtiles) character file.

14072 Garbasso the Bludgeoner (level 11, -23/99 HPs)
             Began as a Demonspawn Berserker on Oct 31, 2018.
             Was the Champion of Trog.
             Shot with an arrow by a deep elf master archer (41 damage)
             ... in the Dungeon (Sprint I: "Red Sonja").
             The game lasted 00:12:20 (2216 turns).

Garbasso the Bludgeoner (Demonspawn Berserker)      Turns: 2216, Time: 00:12:21

Health: -23/99     AC: 17    Str: 21    XL:     11   Next: 83%
Magic:  3/3        EV: 17    Int:  8    God:    Trog [******]
Gold:   89         SH:  0    Dex: 15    Spells: 10/10 levels left

rFire    x . .     SeeInvis .   l - +5 great mace (antimagic)
rCold    + + .     Gourm    .   (shield currently unavailable)
rNeg     . . .     Faith    .   q - +0 ice dragon scales
rPois    .         Spirit   .   (no helmet)
rElec    +         Reflect  .   s - +0 cloak
rCorr    .         Harm     .   r - +0 pair of gloves
MR       .....     Rnd*Rage +   (no boots) Stlth ..........NoTele +
                                (no amulet)
HPRegen  0.66/turn              u - ring of the Griffon {rElec Dex+2}
MPRegen  0.08/turn              (no ring)

@: confused, very slightly contaminated, very slow
A: hooves 2, large bone plates 1, berserk 1, demonic guardian 2, foul stench 2,
regeneration 1, screaming 2, rot immunity
a: Berserk, Trog's Hand, Brothers in Arms, Renounce Religion


You were in the Dungeon.
You worshipped Trog.
Trog was exalted by your worship.
You were not hungry.

You visited 1 branch You collected 1904 gold pieces.
You spent 1815 gold pieces at shops.

Inventory:

Hand Weapons
 l - a +5 antimagic great mace (weapon)
 v - a +1 triple crossbow of freezing
Armour
 k - a +0 scale mail
 m - a +0 troll leather armour
 q - +0 ice dragon scales (worn)
 r - a +0 pair of gloves (worn)
 s - a +0 cloak (worn)
Jewellery
 u - the ring of the Griffon (left hand) {rElec Dex+2}
   (You bought it in a shop in the Dungeon)

   [ring of dexterity]

   It affects your dexterity (+2).
   It insulates you from electricity.
Scrolls
 o - 2 scrolls of identify
 t - a scroll of enchant armour
Potions
 d - 4 potions of curing
 e - 4 potions of heal wounds
 f - a potion of haste
 g - 2 potions of magic
 h - 2 potions of berserk rage
 j - a potion of cancellation
 n - 2 potions of brilliance
Miscellaneous
 p - a phial of floods
Comestibles
 b - a ration


   Skills:
 + Level 13.6 Fighting
 * Level 16.9 Maces & Flails
 + Level 12.5 Armour
 + Level 12.5 Dodging


You had 10 spell levels left.
You didn't know any spells.
Your spell library was empty.

Dungeon Overview and Level Annotations

Branches:
Dungeon (1/1)

Altars:
Cheibriados
Dithmenos
Elyvilon
Fedhas
Gozag
Hepliaklqana
Kikubaaqudgha
Makhleb
Nemelex Xobeh
Okawaru
Qazlal
Ru
Sif Muna
Trog
Uskayaw
Vehumet
Wu Jian
Xom
Yredelemnul
Zin
The Shining One
Jiyva
Lugonu

Shops:
D [%(!??*!([?(*(*!*==[!

Annotations:
D exclusions: door and oklob plant


Innate Abilities, Weirdness & Mutations

You have hoof-like feet.
You are partially covered in large bone plates. (SH +4)
A demonic guardian rushes to your aid.
You frequently emit foul miasma when damaged in melee.
You are immune to rotting.
You tend to lose your temper in combat.
Your natural rate of healing is unusually fast.
You sometimes yell uncontrollably at your foes.


Message History

The deep elf master archer shoots an arrow.
The arrow completely misses you.
You hear a splash.
The deep elf master archer shoots an arrow.
The arrow hits you!
You hear a splash.
Found 108 gold pieces, a shiny buckler, a lamp of fire and a trident.
You see here 2 arrows.
You are engulfed in noxious fumes.
You choke on the stench!
You are confused.
The deep elf master archer shoots an arrow.
The arrow hits you!!
* * * LOW HITPOINT WARNING * * *
Found 54 gold pieces.
You're too confused to move!
You are engulfed in noxious fumes.
You choke on the stench!
You are more confused.
The deep elf master archer shoots an arrow.
The arrow hits you!!!
You die...

,*,###..#,,,,,,,,,,,,*,*
,*,#.'..#*,,,,,,,,,,**$#
**+*,##'##,,,,,,,,,,*$)#
,,,*,#≈≈≈##,,,,,,,,*#.§#
****,#≈≈≈≈##,,,,,,*#..§#
*,,,,#≈≈≈≈≈########....#
,,,####≈≈≈≈#≈≈≈≈§#..§§§#
,,,#..#'≈≈≈'≈≈4≈§§§§§§$#
,,,#...##≈≈#≈≈§§@#≈≈§,,*
,,,#....######'###**≈≈≈*
,,,#....#≈≈≈≈≈≈≈≈≈≈**≈≈*
,,,######*≈≈e≈≈≈≈≈≈≈≈≈≈*
,,,',,*,['$..≈≈≈≈≈≈≈*≈≈*
,,,*,,',}#$$$$$$$$≈≈≈*≈*
*********###########****


You could see a deep elf master archer and a friendly ice devil.

Vanquished Creatures
  2 centaur warriors (D)
  A deep troll (D)
  2 unseen horrors (D)
  A lindwurm (D)
  An oklob plant (D)
  4 shining eyes (D)
  A merfolk siren (D)
  A gargoyle (D)
  2 kobold demonologists (D)
  3 demonic crawlers (D)
  A hellwing (D)
  A hornet (D)
  A slime creature (D)
  A redback (D)
  A yak (D)
  Sigmund (D)
  11 hogs (D)
  6 floating eyes (D)
  7 necrophages (D)
  An ogre (D)
  8 jellies (D)
  Ijyb (D)
  2 ballistomycetes (D)
60 creatures vanquished.

Vanquished Creatures (collateral kills)
  A deep elf annihilator (D)
  A hydra (D)
  4 shining eyes (D)
  A demonic crawler (D)
  A redback (D)
  2 hogs (D)
  A floating eye (D)
11 creatures vanquished.

Vanquished Creatures (others)
  the Lernaean hydra (D)
  Sonja (D)
  A merfolk siren (D)
  4 hornets (D)
  2 ballistomycete spores (D)
9 creatures vanquished.

Grand Total: 80 creatures vanquished

Notes
Turn   | Place    | Note
-------+----------+-------------------------------------------
     0 | D        | Garbasso the Demonspawn Berserker began the quest for the
                  | Orb.
     0 | D        | Reached XP level 1. HP: 18/18 MP: 1/1
     1 | D        | Noticed Ijyb
    13 | D        | Killed Ijyb
    13 | D        | Reached skill level 4 in Maces & Flails
    13 | D        | Gained mutation: A weak demonic guardian rushes to your
                  | aid. [demonic ancestry]
    13 | D        | Reached XP level 2. HP: 16/25 MP: 2/2
   168 | D        | Noticed an ogre
   171 | D        | Killed an ogre
   171 | D        | Reached skill level 5 in Maces & Flails
   171 | D        | Gained mutation: You are immune to rotting. [demonic
                  | ancestry]
   171 | D        | Reached XP level 3. HP: 32/32 MP: 3/3
   171 | D        | Gained mutation: You may emit foul miasma when damaged in
                  | melee. [demonic ancestry]
   171 | D        | Reached XP level 4. HP: 38/38 MP: 4/4
   212 | D        | Noticed Sigmund
   219 | D        | Killed Sigmund
   219 | D        | Reached ** piety under Trog
   219 | D        | Reached skill level 7 in Maces & Flails
   219 | D        | Reached skill level 5 in Armour
   219 | D        | Reached skill level 5 in Dodging
   219 | D        | Gained mutation: You have large cloven feet. [demonic
                  | ancestry]
   219 | D        | Reached XP level 5. HP: 43/46 MP: 5/5
   334 | D        | Found a burning altar of Makhleb.
   334 | D        | Found a viscous altar of Jiyva.
   334 | D        | Found a shimmering altar of Xom.
   334 | D        | Found a corrupted altar of Lugonu.
   334 | D        | Noticed a slime creature
   339 | D        | Killed a slime creature
   339 | D        | Reached skill level 8 in Maces & Flails
   339 | D        | Gained mutation: You frequently emit foul miasma when
                  | damaged in melee. [demonic ancestry]
   339 | D        | Reached XP level 6. HP: 55/55 MP: 6/6
   370 | D        | Found an ornate altar of the Wu Jian Council.
   370 | D        | Found a deep blue altar of Sif Muna.
   372 | D        | Found a radiant altar of Vehumet.
   411 | D        | Found Feuwawn's Distillery.
   411 | D        | Found an ancient bone altar of Kikubaaqudgha.
   411 | D        | Found a hazy altar of Hepliaklqana.
   411 | D        | Found a hide-covered altar of Uskayaw.
   411 | D        | Found a basalt altar of Yredelemnul.
   411 | D        | Found an opulent altar of Gozag.
   411 | D        | Found a snail-covered altar of Cheibriados.
   411 | D        | Found a sacrificial altar of Ru.
   411 | D        | Found a shadowy altar of Dithmenos.
   411 | D        | Noticed a yak
   416 | D        | Killed a yak
   416 | D        | Reached *** piety under Trog
   416 | D        | Reached skill level 9 in Maces & Flails
   416 | D        | Reached XP level 7. HP: 60/60 MP: 7/7
   417 | D        | Found a stormy altar of Qazlal.
   417 | D        | Found a blossoming altar of Fedhas.
   417 | D        | Found a bloodstained altar of Trog.
   417 | D        | Found an iron altar of Okawaru.
   417 | D        | Found a glowing golden altar of the Shining One.
   417 | D        | Found a glowing silver altar of Zin.
   417 | D        | Found a white marble altar of Elyvilon.
   458 | D        | Found a sparkling altar of Nemelex Xobeh.
   462 | D        | Bought a potion of heal wounds for 50 gold pieces
   462 | D        | Bought a potion of heal wounds for 50 gold pieces
   462 | D        | Bought a potion of cancellation for 80 gold pieces
   462 | D        | Bought a potion of curing for 30 gold pieces
   467 | D        | Noticed Sonja
   485 | D        | Killed Sonja
   485 | D        | Reached skill level 10 in Maces & Flails
   485 | D        | Gained mutation: A demonic guardian rushes to your aid.
                  | [demonic ancestry]
   485 | D        | Reached XP level 8. HP: 24/69 MP: 8/8
   686 | D        | Found Ubbed's Armour Boutique.
   695 | D        | Noticed a shining eye
   695 | D        | Noticed a shining eye
   695 | D        | Noticed a shining eye
   697 | D        | Paralysed by a floating eye for 2 turns
   700 | D        | Noticed a shining eye
   700 | D        | Noticed a shining eye
   700 | D        | Noticed a shining eye
   702 | D        | Gained mutation: Armour fits poorly on your strangely
                  | shaped body. [a shining eye]
   703 | D        | Gained mutation: You are clumsy. (Dex -2) [a shining eye]
   705 | D        | Killed a shining eye
   705 | D        | Reached skill level 11 in Maces & Flails
   705 | D        | Paralysed by a floating eye for 2 turns
   710 | D        | Killed a shining eye
   710 | D        | Reached **** piety under Trog
   711 | D        | Killed a shining eye
   711 | D        | Reached skill level 12 in Maces & Flails
   711 | D        | Gained mutation: You have hoof-like feet. [demonic
                  | ancestry]
   711 | D        | Reached XP level 9. HP: 78/78 MP: 9/9
   713 | D        | Killed a shining eye
   713 | D        | Reached skill level 10 in Fighting
   718 | D        | Killed a shining eye
   719 | D        | Killed a shining eye
   719 | D        | Reached ***** piety under Trog
   720 | D        | Reached skill level 13 in Maces & Flails
   721 | D        | Noticed a shining eye
   721 | D        | Noticed a shining eye
   723 | D        | Gained mutation: You tend to lose your temper in combat. [a
                  | shining eye]
   725 | D        | Gained mutation: You occasionally shout uncontrollably at
                  | your foes. [a shining eye]
   726 | D        | Gained mutation: You sometimes yell uncontrollably at your
                  | foes. [a shining eye]
   728 | D        | Killed a shining eye
   732 | D        | Killed a shining eye
   738 | D        | Found Eqesauhi's Food Shoppe.
   738 | D        | Found Ushipnuss's Magic Scroll Shop.
   738 | D        | Found Haodghiu's Antique Weapon Emporium.
   738 | D        | Found Qesoddy's Magic Scroll Boutique.
   743 | D        | Bought a ration for 65 gold pieces
   743 | D        | Bought a ration for 65 gold pieces
   743 | D        | Bought a ration for 65 gold pieces
   974 | D        | Noticed a deep troll
   981 | D        | Killed a deep troll
   981 | D        | Received a gift from Trog
   981 | D        | Reached skill level 10 in Armour
   981 | D        | Reached skill level 10 in Dodging
   981 | D        | Gained mutation: You are partially covered in large bone
                  | plates. (SH +4) [demonic ancestry]
   981 | D        | Reached XP level 10. HP: 87/87 MP: 10/10
  1052 | D        | Found Egayxud's Armour Emporium.
  1071 | D        | Noticed a centaur warrior
  1071 | D        | Noticed a centaur warrior
  1076 | D        | Killed a centaur warrior
  1076 | D        | Reached skill level 14 in Maces & Flails
  1080 | D        | Killed a centaur warrior
  1159 | D        | Noticed an oklob plant
  1174 | D        | Killed an oklob plant
  1433 | D        | Received a gift from Trog
  1437 | D        | Paralysed by a floating eye for 3 turns
  1481 | D        | Reached skill level 15 in Maces & Flails
  1494 | D        | Reached XP level 11. HP: 65/96 MP: 3/11
  1550 | D        | Reached ****** piety under Trog
  1557 | D        | Noticed a lindwurm
  1562 | D        | Killed a lindwurm
  1562 | D        | Received a gift from Trog
  1685 | D        | Received a gift from Trog
  1708 | D        | Received a gift from Trog
  1737 | D        | Noticed a daeva
  1761 | D        | Noticed a 12-headed hydra
  1762 | D        | Paralysed by a floating eye for 2 turns
  1765 | D        | Killed a 12-headed hydra
  1765 | D        | Reached skill level 16 in Maces & Flails
  1774 | D        | Killed the 27-headed Lernaean hydra
  1936 | D        | Received a gift from Trog
  1962 | D        | Killed an unseen horror
  1964 | D        | Killed an unseen horror
  1970 | D        | Received a gift from Trog
  2054 | D        | Found Heish's Distillery.
  2054 | D        | Found Goategosch's General Store.
  2054 | D        | Found Kucuboug's Antique Weapon Boutique.
  2056 | D        | Found Kyobat's Antique Armour Emporium.
  2056 | D        | Found Xoem's Magic Scroll Shop.
  2056 | D        | Found Difrargh's Weapon Shoppe.
  2056 | D        | Found Faesuun's Assorted Antiques.
  2056 | D        | Found Usuergh's Antique Weapon Emporium.
  2056 | D        | Found Nypa's Assorted Antiques.
  2056 | D        | Found Bidusott's Distillery.
  2058 | D        | Bought a scroll of acquirement for 624 gold pieces
  2063 | D        | Found Cavvufal's General Store.
  2064 | D        | Bought a pair of gloves for 90 gold pieces
  2064 | D        | Bought a cloak for 90 gold pieces
  2074 | D        | Found Arpho Zam's Jewellery Emporium.
  2074 | D        | Found Besk's Jewellery Boutique.
  2075 | D        | Bought a scroll of enchant armour for 97 gold pieces
  2075 | D        | Bought a scroll of identify for 26 gold pieces
  2075 | D        | Bought a scroll of identify for 26 gold pieces
  2076 | D        | Found Nafun's Distillery.
  2078 | D        | Bought a scroll of identify for 44 gold pieces
  2078 | D        | Bought a scroll labeled DIJES EMNOINK for 22 gold pieces
  2083 | D        | Bought a potion of mutation for 80 gold pieces
  2083 | D        | Lost mutation: You are clumsy. (Dex -2) [potion of
                  | mutation]
  2083 | D        | Lost mutation: Armour fits poorly on your strangely shaped
                  | body. [potion of mutation]
  2083 | D        | Gained mutation: Your natural rate of healing is unusually
                  | fast. [potion of mutation]
  2096 | D        | Bought the ring of the Griffon {rElec Dex+2} for 215 gold
                  | pieces
  2099 | D        | Bought a potion of heal wounds for 60 gold pieces
  2099 | D        | Bought a potion of curing for 36 gold pieces
  2172 | D        | Noticed a deep elf annihilator
  2180 | D        | Noticed a mummy priest
  2183 | D        | Killed a deep elf annihilator
  2183 | D        | Received a gift from Trog
  2192 | D        | Noticed an oklob plant
  2213 | D        | Noticed a deep elf master archer
  2216 | D        | Shot with an arrow by a deep elf master archer

Vault maps used:
D:        dungeon_sprint_1

Skill      XL: |  1  2  3  4  5  6  7  8  9 10 11 |
---------------+----------------------------------+-----
Maces & Flails | 4 5 7 8 9 10 12 13 15 16 | 16.9
Armour         | 2 4 5 6 7 8 10 11 12 | 12.5
Dodging        | 2 3 5 6 7 8 10 11 12 | 12.5
Fighting       | 4 6 7 8 9 11 12 13 | 13.6

Action                   |  1- 3 |  4- 6 |  7- 9 | 10-12 || total
-------------------------+-------+-------+-------+-------++-------
Melee: Mace              |    11 |    13 |    43 |    43 ||   110
       Kick              |       |     6 |    20 |    51 ||    77
       Great mace        |       |       |       |   116 ||   116
Invok: Berserk           |     2 |     3 |     3 |     4 ||    12
       Trog's Hand       |       |       |       |     3 ||     3
  Use: Potion            |       |       |     2 |     2 ||     4
       Scroll            |       |       |       |     5 ||     5
 Stab: Sleeping          |     1 |       |       |       ||     1
  Eat: Chunk             |       |     2 |     2 |     4 ||     8
       Ration            |       |       |     1 |     2 ||     3
Armor: Scale mail        |       |     1 |     5 |       ||     6
       Leather armour    |       |     1 |       |       ||     1
       Troll leather arm |       |       |       |    25 ||    25
       Ice dragon scales |       |       |       |     6 ||     6
Dodge: Dodged            |     4 |     2 |     4 |   111 ||   121
Block: Other             |       |       |       |    26 ||    26

Table legend:
 A = Non-vault XP
 B = Vault XP
 C = Vault XP percentage of total XP
 D = Non-vault monster count
 E = Vault monster count
 F = Vault count percentage of total count
                 A         B        C        D         E       F
            +---------+---------+-------+---------+---------+-------
      Total |       0 |   20104 | 100.0 |       0 |      70 | 100.0
            +---------+---------+-------+---------+---------+-------
          D |       0 |   20104 | 100.0 |       0 |      70 | 100.0
            +---------+---------+-------+---------+---------+-------
